 Dungeon Crawl Stone Soup version 0.27-a0-59-gfbafd837a3 (webtiles) character file.

Game seed: 13838692645556550809

71511 Armakuni the Stickfighter (level 15, -5/122 HPs)
             Began as a Human Artificer on Jan 7, 2021.
             Was an Initiate of Gozag.
             Slain by a catoblepas (25 damage)
             ... on level 6 of the Lair of Beasts on Jan 8, 2021.
             The game lasted 01:15:48 (22875 turns).

Armakuni the Stickfighter (Human Artificer)        Turns: 22875, Time: 01:15:49

Health: -5/122     AC: 16    Str: 17    XL:     15   Next: 82%
Magic:  14/15      EV: 21    Int: 11    God:    Gozag
Gold:   2876       SH:  0    Dex: 14    Spells: 13/14 levels left

rFire    . . .     SeeInvis .   a - +8 quarterstaff (spect)
rCold    + . .     Faith    .   (shield currently unavailable)
rNeg     . . .     Spirit   .   f - +3 ring mail {rC+}
rPois    .         Reflect  .   J - +1 hat of Hout {Slay+3}
rElec    +         Harm     .   (no cloak)
rCorr    .         Rampage  .   m - +0 pair of gloves
Will     +....     Rnd*Rage +   r - +0 pair of boots
Stlth    ++........             R - amulet of regeneration
HPRegen  0.70/turn              e - +4 ring of evasion
MPRegen  0.14/turn              E - ring of the Greedy {rElec Stlth+}

@: gold aura
A: molten scales 1, berserk 1, dopey 1, MP-powered wands
a: Renounce Religion, Potion Petition, Call Merchant, Bribe Branch


You were on level 6 of the Lair of Beasts.
You worshipped Gozag.
Gozag was most pleased with you.
You visited 3 branches of the dungeon, and saw 17 of its levels.
You also visited: Ossuary, Bailey and Gauntlet.

You collected 5566 gold pieces.
You spent 176 gold pieces at shops.
You paid 2514 gold pieces to Gozag.

Inventory:

Hand Weapons
 a - a +8 spectral quarterstaff (weapon)
 b - the +7 great mace "Undeadhunter" {disrupt, rN+}
   (You found it on level 4 of the Lair of Beasts)

   It protects you from negative energy.
Missiles
 x - 13 silver javelins
 K - 6 curare-tipped darts (quivered)
Armour
 f - a +3 ring mail of cold resistance (worn)
 l - a +0 kite shield of protection
 m - a +0 pair of gloves (worn)
 r - a +0 pair of boots (worn)
 H - a +0 plate armour
 J - the +1 hat of Hout (worn) {Slay+3}
   (You found it in a Gauntlet)

   It affects your accuracy and damage with ranged weapons and melee attacks
   (+3).
Jewellery
 e - a +4 ring of evasion (left hand)
 E - the ring of the Greedy (right hand) {rElec Stlth+}
   (You found it in a Gauntlet)

   [ring of stealth]

   It insulates you from electricity.
   It makes you more stealthy.
 L - an uncursed ring of flight
 R - an amulet of regeneration (around neck)
 V - an uncursed ring of wizardry
 W - an uncursed ring of willpower
Wands
 c - a wand of flame (17)
 k - a wand of digging (6)
 D - a wand of polymorph (2)
 G - a wand of paralysis (1)
 I - a wand of disintegration (21)
Scrolls
 g - 2 scrolls of blinking
 h - 6 scrolls of fear
 n - 6 scrolls of teleportation
 o - 9 scrolls of remove curse
 p - a scroll of vulnerability
 q - a scroll of immolation
 w - 2 scrolls of enchant armour
 A - 2 scrolls of noise
 C - 3 scrolls of fog
 F - 2 scrolls of identify
 O - a scroll of amnesia
Potions
 d - 9 potions of curing
 i - 4 potions of mutation
 j - 3 potions of attraction
 s - 8 potions of ambrosia
 u - 3 potions of flight
 v - 3 potions of heal wounds
 y - 2 potions of cancellation
 z - 3 potions of lignification
 N - 3 potions of brilliance
Miscellaneous
 t - a tin of tremorstones (inert)


   Skills:
 - Level 12.9 Fighting
 - Level 2.9 Long Blades
 + Level 11.2(15.0) Maces & Flails
 - Level 16.2(17.4) Staves
 - Level 10.5 Armour
 - Level 10.0 Dodging
 - Level 1.0 Stealth
 - Level 4.0 Shields
 - Level 5.0 Evocations


You had 13 spell levels left.
You knew the following spells:

 Your Spells              Type           Power        Failure   Level
z - Apportation           Tloc           0%           50%         1

Your spell library contained the following spells:

 Spells                   Type           Power        Failure   Level
 Animate Skeleton         Necr           0%           50%         1
 Corona                   Hex            0%           50%         1
 Foxfire                  Conj/Fire      0%           50%         1
 Pain                     Necr           0%           50%         1
 Summon Small Mammal      Summ           0%           50%         1
 Call Imp                 Summ           0%           65%         2
 Poisonous Vapours        Pois/Air       0%           65%         2
 Slow                     Hex            0%           65%         2
 Call Canine Familiar     Summ           0%           86%         3
 Confusing Touch          Hex            0%           86%         3
 Conjure Flame            Conj/Fire      0%           86%         3
 Gell's Gravitas          Tloc           0%           86%         3
 Inner Flame              Hex/Fire       0%           86%         3
 Mephitic Cloud           Conj/Pois/Air  0%           86%         3
 Portal Projectile        Hex/Tloc       0%           86%         3
 Summon Guardian Golem    Hex/Summ       0%           86%         3
 Vampiric Draining        Necr           0%           86%         3
 Animate Dead             Necr           0%           99%         4
 Cause Fear               Hex            0%           99%         4
 Leda's Liquefaction      Hex/Erth       0%           99%         4
 Petrify                  Tmut/Erth      0%           99%         4
 Sticky Flame             Conj/Fire      0%           99%         4
 Summon Ice Beast         Ice/Summ       0%           99%         4
 Summon Lightning Spire   Summ/Air       0%           99%         4
 Agony                    Necr           0%           100%        5
 Borgnjor's Vile Clutch   Necr/Erth      0%           100%        5
 Fireball                 Conj/Fire      0%           100%        5
 Metabolic Englaciation   Hex/Ice        0%           100%        5
 Yara's Violent Unravell  Hex/Tmut       0%           100%        5
 Death Channel            Necr           0%           100%        6
 Freezing Cloud           Conj/Ice/Air   0%           100%        6
 Simulacrum               Ice/Necr       0%           100%        6
 Malign Gateway           Summ/Tloc      0%           100%        7
 Monstrous Menagerie      Summ           0%           100%        7
 Summon Greater Demon     Summ           0%           100%        7
 Summon Horrible Things   Summ           0%           100%        8


Dungeon Overview and Level Annotations

Branches:
Dungeon (10/15)            Temple (1/1) D:5            Lair (6/6) D:10
  Swamp (0/4) Lair:3        Snake (0/4) Lair:2        Slime (0/5) Lair:5
Ossuary (visited)          Bailey (visited)         Gauntlet (visited)
    Orc: D:9-12

Altars:
Ashenzari
Cheibriados
Dithmenos
Elyvilon
Fedhas
Gozag
Hepliaklqana
Kikubaaqudgha
Makhleb
Nemelex Xobeh
Okawaru
Qazlal
Ru
Sif Muna
Trog
Uskayaw
Vehumet
Wu Jian
Xom
Yredelemnul
Zin
The Shining One
Beogh

Shops:
D:5 :   D:9 [=   Lair:1 =?

Annotations:
Lair:5 2 transporters, Life0's ghost, journeyman MiBe


Innate Abilities, Weirdness & Mutations

You are partially covered in molten scales. (AC +2)
You tend to lose your temper in combat.
You are dopey. (Int -2)
You expend magic power (3 MP) to strengthen your wands.


Message History

* * * LOW HITPOINT WARNING * * *
The seven-headed hydra closely misses you.
The seven-headed hydra misses you.
The seven-headed hydra completely misses you.
The seven-headed hydra barely misses you.
Unknown command.
You sock the seven-headed hydra!
You draw out your weapon's spirit!
The seven-headed hydra is severely wounded.
The seven-headed hydra is engulfed in calcifying dust.
The seven-headed hydra stops moving altogether!
The helpless seven-headed hydra fails to defend itself.
You pound the seven-headed hydra like an anvil!!!
The seven-headed hydra is almost dead.
The seven-headed hydra is engulfed in calcifying dust.
The helpless seven-headed hydra fails to defend itself.
You bludgeon the seven-headed hydra!!
You kill the seven-headed hydra!
The catoblepas gores you!!
You die...
Your body crumbles into a pile of gold.

### #### #P###.P#.## #..# ##.#
#..# #.........# ##..## ###..#
##.# #........# #..#)# #.#..##
##.# ##........# ##..##
.###..###..####..(......#####..#
..#.........#.##...........#...##
.................$(........<.....
.........#.#...§.(P.#......P..P..
......####..§#§Y@..###...###...##
......# #.§###.§..###P..####..#
......# #...# ##§.###...#.##..##
.....#####... #..§.##...####...##
......#.#..####P.§###P..## ##...#
.......##.. ..# ###..###P..#.
.......#... ....##.....#.....
......... .................
......... ..#PP.##.P.#....


You could see a catoblepas and a friendly +8 spectral quarterstaff (summoned).

Vanquished Creatures
  5 entropy weavers
  A minotaur (Gauntlet)
  A dire elephant (Lair:5)
  6 hydras
  Fannar (D:10)
  2 catoblepae (Lair:6)
  2 two-headed ogres
  3 ghost crabs (Lair:4)
  12 death yaks
  A deep troll shaman (Lair:6)
  2 orc high priests
  Nergalle (Lair:3)
  4 fire crabs (Lair:4)
  A lindwurm (Lair:6)
  Pikel (D:9)
  An orc knight (Bailey)
  4 trolls
  5 oklob plants
  A wolf spider (Gauntlet)
  2 black mambas
  32 elephants
  Joseph (D:9)
  A gargoyle (D:10)
  An apocalypse crab (Lair:4)
  3 torpor snails
  9 cane toads
  A kobold demonologist (Bailey)
  4 rime drakes
  4 komodo dragons
  2 queen bees
  A tyrant leech (Lair:3)
  4 polar bears
  Prince Ribbit (D:7)
  7 blink frogs
  4 dream sheep (Lair:6)
  A redback (Gauntlet)
  A spriggan (Lair:5)
  2 wraiths (Ossuary)
  6 wyverns
  34 yaks
  2 basilisks
  Menkaure (D:6)
  5 nagas (Lair:2)
  5 swamp worms
  8 water moccasins
  3 sky beasts
  10 orc warriors
  2 ice beasts
  3 black bears
  4 phantoms
  3 eyes of draining
  3 ogres
  29 wolves
  6 centaurs
  2 lemures (D:9)
  Blork the orc (D:4)
  11 bullfrogs
  A gnoll sergeant (D:9)
  5 scorpions
  25 killer bees
  5 electric eels
  12 wights
  5 howler monkeys
  7 hounds
  2 bullfrog skeletons
  10 orc priests
  4 jellies
  7 orc wizards
  A centaur skeleton (D:5)
  2 iguanas (D:5)
  3 worker ants
  A hound skeleton (D:4)
  A howler monkey zombie (D:8)
  2 worker ant zombies
  15 gnolls
  13 adders
  4 river rats
  A shadow imp (D:8)
  3 white imps
  2 ufetubi (D:6)
  An ooze (Lair:5)
  An adder zombie (D:7)
  2 adder skeletons
  2 worms
  2 leopard geckos
  23 orcs
  10 bats
  7 giant cockroaches
  19 goblins
  22 hobgoblins
  4 jackals (D:5)
  10 kobolds
  3 quokkas
  3 ball pythons
  6 frilled lizards
  A hobgoblin skeleton (Ossuary)
  2 hobgoblin zombies (Ossuary)
  A jackal skeleton (D:4)
  2 kobold zombies (Ossuary)
  2 orc skeletons (Ossuary)
  An orc zombie (Ossuary)
  A quokka zombie (D:9)
  5 rats
  A spectral orc (D:2)
  A bush (Lair:4)
536 creatures vanquished.

Vanquished Creatures (collateral kills)
  A hydra (D:9)
  3 killer bees
  2 wights (D:5)
  A jelly (D:9)
  A hound skeleton (D:9)
  A shadow imp (D:9)
  3 orcs (D:9)
  A giant cockroach (D:5)
13 creatures vanquished.

Vanquished Creatures (others)
  A tengu (Lair:4)
  2 wights (D:5)
  3 killer bees (D:9)
  A dart slug (D:1)
  A bush (Lair:6)
  88 fungi
  66 plants
162 creatures vanquished.

Grand Total: 711 creatures vanquished

Notes
Turn   | Place    | Note
-------+----------+-------------------------------------------
     0 | D:1      | Armakuni the Human Artificer began the quest for the Orb.
     0 | D:1      | Reached XP level 1. HP: 15/15 MP: 1/1
    90 | D:1      | Reached skill level 1 in Maces & Flails
    92 | D:1      | Reached XP level 2. HP: 19/21 MP: 2/2
   451 | D:1      | Reached XP level 3. HP: 18/26 MP: 3/3
  1663 | D:2      | Found a faded altar of an unknown god.
  1900 | D:2      | Found a hide-covered altar of Uskayaw.
  1940 | D:2      | Reached XP level 4. HP: 25/32 MP: 4/4
  2129 | D:2      | Learned a level 1 spell: Apportation
  2347 | D:2      | Found a basalt altar of Yredelemnul.
  2406 | D:3      | Found a burning altar of Makhleb.
  2462 | D:3      | Reached XP level 5. HP: 32/39 MP: 5/5
  3166 | D:3      | Found a bloodstained altar of Trog.
  3509 | D:3      | Found an ancient bone altar of Kikubaaqudgha.
  3510 | D:3      | Found an iron altar of Okawaru.
  3557 | D:4      | Noticed an ogre
  3735 | D:4      | Reached XP level 6. HP: 47/47 MP: 6/6
  3928 | D:4      | Killed an ogre
  3929 | D:4      | Reached XP level 7. HP: 44/54 MP: 7/7
  4122 | D:4      | Reached skill level 5 in Fighting
  4122 | D:4      | Reached skill level 5 in Evocations
  4244 | D:4      | Noticed Blork the orc
  4274 | D:4      | Killed Blork the orc
  4279 | D:4      | Gained mutation: You are dopey. (Int -2) [potion of
                  | mutation]
  4279 | D:4      | Gained mutation: You are partially covered in molten
                  | scales. (AC +2) [potion of mutation]
  4279 | D:4      | Gained mutation: You expend magic power (3 MP) to
                  | strengthen your wands. [potion of mutation]
  4284 | D:4      | Found a shimmering blue altar of Sif Muna.
  4504 | D:5      | Entered Level 5 of the Dungeon
  4527 | D:5      | Reached skill level 1 in Shields
  4666 | D:5      | Reached XP level 8. HP: 47/62 MP: 8/8
  4853 | D:5      | Found Ygecolia's Book Boutique.
  5008 | D:5      | Found a sand-covered staircase.
  5016 | Ossuary  | Entered an ossuary
  5123 | Ossuary  | Noticed a wraith
  5123 | Ossuary  | Noticed a flying skull
  5162 | Ossuary  | Noticed a flying skull
  5170 | Ossuary  | Noticed a wraith
  5175 | Ossuary  | Killed a wraith
  5176 | Ossuary  | Reached skill level 1 in Long Blades
  5226 | Ossuary  | Noticed a wraith
  5242 | Ossuary  | Killed a wraith
  5338 | Ossuary  | Noticed a flying skull
  5632 | D:5      | Found a staircase to the Ecumenical Temple.
  5638 | Temple   | Entered the Ecumenical Temple
  5746 | D:5      | Reached XP level 9. HP: 63/68 MP: 9/9
  6407 | D:6      | Reached skill level 1 in Staves
  6479 | D:6      | Reached skill level 2 in Staves
  6746 | D:6      | Noticed Menkaure
  6760 | D:6      | Killed Menkaure
  6761 | D:6      | Reached skill level 5 in Armour
  6870 | D:6      | Reached skill level 3 in Staves
  6870 | D:6      | Reached skill level 5 in Dodging
  7108 | D:6      | Reached skill level 4 in Staves
  7482 | D:7      | Found a sacrificial altar of Ru.
  7483 | D:7      | Noticed Prince Ribbit
  7498 | D:7      | Reached skill level 5 in Staves
  7721 | D:7      | Found a blossoming altar of Fedhas.
  7725 | D:7      | Found a stormy altar of Qazlal.
  7797 | D:7      | Killed Prince Ribbit
  7798 | D:7      | Reached skill level 6 in Staves
  7798 | D:7      | Reached XP level 10. HP: 55/74 MP: 10/10
  7962 | D:7      | Found a glowing golden altar of the Shining One.
  7995 | D:7      | Found an opulent altar of Gozag.
  7998 | D:7      | Became a worshipper of Gozag Ym Sagoz the Greedy
  8209 | D:8      | Reached skill level 7 in Staves
  8352 | D:8      | Noticed a two-headed ogre
  8361 | D:8      | Killed a two-headed ogre
  8614 | D:8      | Found a shimmering blue altar of Sif Muna.
  8623 | D:8      | Reached skill level 8 in Staves
  9447 | D:9      | Noticed a five-headed hydra
  9457 | D:9      | Killed a five-headed hydra
  9483 | D:8      | Reached XP level 11. HP: 55/86 MP: 3/11
  9492 | D:8      | Killed a troll
  9493 | D:8      | Reached skill level 9 in Staves
  9642 | D:9      | Found a blossoming altar of Fedhas.
  9797 | D:9      | Noticed Joseph
 10041 | D:9      | Found a flagged portal.
 10052 | Bailey   | Entered a bailey
 10102 | Bailey   | Found an iron altar of Okawaru.
 10102 | Bailey   | Noticed an orc high priest
 10114 | Bailey   | Gained mutation: You tend to lose your temper in combat. [a
                  | neqoxec]
 10125 | Bailey   | Killed an orc high priest
 10154 | Bailey   | Noticed an orc knight
 10166 | Bailey   | Killed an orc knight
 10580 | Bailey   | Acquired a manual of Staves
 10812 | Bailey   | Reached skill level 10 in Staves
 11203 | D:9      | Noticed Pikel
 11212 | D:9      | Killed Pikel
 11213 | D:9      | Reached skill level 11 in Staves
 11310 | D:9      | Killed Joseph
 11437 | D:9      | Found a glowing silver altar of Zin.
 11499 | D:9      | Reached skill level 12 in Staves
 12177 | D:9      | Found Diagerha's Antique Armour Emporium.
 12342 | D:9      | Found a sparkling altar of Nemelex Xobeh.
 12396 | D:10     | Entered Level 10 of the Dungeon
 12396 | D:10     | Noticed a two-headed ogre
 12406 | D:10     | Killed a two-headed ogre
 12407 | D:10     | Reached skill level 13 in Staves
 12407 | D:10     | Reached XP level 12. HP: 96/96 MP: 12/12
 12445 | D:10     | Noticed Fannar
 12464 | D:10     | Killed Fannar
 12465 | D:10     | Found a staircase to the Lair.
 12566 | D:10     | Reached skill level 14 in Staves
 12731 | D:10     | Found a transporter.
 12731 | D:10     | Found a transporter.
 12853 | D:10     | Noticed an orc high priest
 12973 | D:10     | Found a roughly hewn altar of Beogh.
 13268 | D:10     | Killed an orc high priest
 13269 | D:10     | Reached skill level 15 in Staves
 13602 | Lair:1   | Entered Level 1 of the Lair of Beasts
 13667 | Lair:1   | Bought a scroll of enchant weapon for 120 gold pieces
 13669 | Lair:1   | Bought a scroll of immolation for 56 gold pieces
 13827 | Lair:1   | Reached skill level 16 in Staves
 14270 | Lair:1   | Noticed a five-headed hydra
 14276 | Lair:1   | Killed a five-headed hydra
 14582 | Lair:1   | Got an ichor-stained leather armour
 14593 | Lair:1   | Identified the +1 leather armour "Vezid" {Str+2} (You found
                  | it on level 1 of the Lair of Beasts)
 15164 | Lair:2   | Reached skill level 10 in Fighting
 15373 | Lair:2   | Reached XP level 13. HP: 62/103 MP: 0/13
 15653 | Lair:2   | Noticed an eight-headed hydra
 15659 | Lair:2   | Killed an eight-headed hydra
 15758 | Lair:2   | Found a staircase to the Snake Pit.
 15944 | Lair:2   | Noticed a six-headed hydra
 15956 | Lair:2   | Killed a six-headed hydra
 16926 | Lair:3   | Found a gate leading to a gauntlet.
 16940 | Gauntlet | Entered a Gauntlet
 16940 | Gauntlet | Found a transporter.
 16940 | Gauntlet | Found a transporter.
 16944 | Gauntlet | Found a transporter.
 16944 | Gauntlet | Found a transporter.
 16958 | Gauntlet | Found a transporter.
 16968 | Gauntlet | Found a transporter.
 16978 | Gauntlet | Found a transporter.
 16978 | Gauntlet | Found a transporter.
 16981 | Gauntlet | Found a transporter.
 16986 | Gauntlet | Noticed an entropy weaver
 17008 | Gauntlet | Found a transporter.
 17015 | Gauntlet | Found a transporter.
 17033 | Gauntlet | Found a transporter.
 17076 | Gauntlet | Found a transporter.
 17092 | Gauntlet | Found a transporter.
 17192 | Gauntlet | Found a transporter.
 17207 | Gauntlet | Found a transporter.
 17389 | Gauntlet | Got a bloodstained hat
 17401 | Gauntlet | Identified the +1 hat of Hout {Slay+3} (You found it in a
                  | Gauntlet)
 17442 | Gauntlet | Killed an entropy weaver
 17464 | Gauntlet | Got a smoking gossamer ring
 17466 | Gauntlet | Identified the ring of the Greedy {rElec Stlth+} (You found
                  | it in a Gauntlet)
 17510 | Gauntlet | Noticed a minotaur
 17523 | Gauntlet | Killed a minotaur
 17536 | Gauntlet | Got a steaming golden ring
 17540 | Gauntlet | Identified the ring of Guhyfokh {Int+3 Stlth-} (You found
                  | it in a Gauntlet)
 17630 | Lair:3   | Noticed Sonja
 17632 | Lair:3   | Noticed Sonja
 17632 | Lair:3   | Sonja changed into Sonja the wyvern
 17644 | Lair:3   | Killed Sonja the wyvern
 17862 | Lair:3   | Reached XP level 14. HP: 59/114 MP: 7/14
 18063 | Lair:3   | Noticed Nergalle
 18075 | Lair:3   | Killed Nergalle
 18580 | Lair:3   | Found a staircase to the Swamp.
 18733 | Lair:1   | Upgraded the game from 0.27-a0-54-g64bdb92e38 to
                  | 0.27-a0-59-gfbafd837a3
 18859 | Lair:4   | Found a runed translucent door.
 19804 | Lair:4   | Noticed an entropy weaver
 19817 | Lair:4   | Killed an entropy weaver
 19922 | Lair:4   | Reached skill level 10 in Dodging
 19932 | Lair:4   | Reached skill level 10 in Armour
 20071 | Lair:4   | Noticed an entropy weaver
 20087 | Lair:4   | Killed an entropy weaver
 20221 | Lair:4   | Noticed an entropy weaver
 20229 | Lair:4   | Killed an entropy weaver
 20319 | Lair:4   | Noticed an entropy weaver
 20333 | Lair:4   | Killed an entropy weaver
 20432 | Lair:4   | Found the +7 great mace "Undeadhunter" {disrupt, rN+}
 21003 | Lair:5   | Found a staircase to the Slime Pits.
 21015 | Lair:5   | Reached skill level 5 in Maces & Flails
 21030 | Lair:5   | Reached XP level 15. HP: 122/122 MP: 15/15
 21456 | Lair:5   | Found a transporter.
 21479 | Lair:5   | Identified the +6 trident "Oghexzih" {distort, Fragile
                  | +Rage rElec rF++}
 21484 | Lair:5   | Noticed Life0's ghost (journeyman MiBe)
 21495 | Lair:5   | Found a transporter.
 21914 | Lair:6   | Entered Level 6 of the Lair of Beasts
 22322 | Lair:6   | Reached skill level 10 in Maces & Flails
 22875 | Lair:6   | Slain by a catoblepas

Illustrated notes

Levels and vault maps discovered:
D:1:      shiori_arrival_oz, layout_basic
D:2:      layout_loops_ring, lemuel_coloured_pillars_altar,
          yredelemnul_forgotten_temple_becter, chequers_ecumenical_altar_lobes
D:3:      layout_basic, makhleb_heckhound_becter, marbit_many_paths,
          chequers_temple_overflow_statue_of_worship
D:4:      layout_rooms, tgw_sif
D:5:      layout_basic, minmay_temple_entry_nine_rooms,
          lightli_ossuary_entry_decrepit_ruins, serial_shops, shop_statue
D:6:      old_forge, layout_basic, serial_bayou_lake_a, uniq_menkaure
D:7:      wander_river, layout_basic, grunt_temple_overflow_forces_of_nature,
          nicolae_ru_awakened_eye, kennysheep_mini_moat, basic_altar,
          uniq_prince_ribbit1
D:8:      layout_basic, kennysheep_nondescript, lemuel_centaur_altar
D:9:      layout_cave_pools, general_overflow_altar, lemuel_doored_altar,
          enter_bailey_2, special_room [special_room_bee], serial_shops,
          nicolae_shop_overgrown_old_shop, fedhas_altar_1, uniq_joseph,
          uniq_pikel
D:10:     gammafunk_beogh_shrine, layout_cave_pools, lair_entry_dummy,
          uniq_fannar
Temple:   jpeg_temple_island
Lair:1:   beast_lair_carwin_large_4, layout_regular_city,
          gammafunk_lair_bear_cave
Lair:2:   layout_layer_cave, minmay_snake_entry_guardpost_medium,
          minmay_lair_oklob_chamber
Lair:3:   layout_regular_city, minmay_swamp_entry_worms, gauntlet_entry_generic,
          grunt_megastairs_1, infiniplex_staircase_pool_2, serial_bayou_shore_b,
          serial_bayou_shore_b, uniq_nergalle, uniq_sonja
Lair:4:   gammafunk_mikee_crab_dinner, layout_regular_city,
          minmay_lair_oklob_items
Lair:5:   mu_elephants_graveyard, layout_gridlike,
          nicolae_slime_entry_slimehenge, gammafunk_ghost_abyssal_escape
Lair:6:   grunt_lair_end_beastmaster, layout_small_grid,
          chequers_serial_rivers_micro_e

Skill      XL: |  1  2  3  4  5  6  7  8  9 10 11 12 13 14 15 |
---------------+----------------------------------------------+-----
Maces & Flails | 1 2 3 5 11 | 11.2
Fighting       | 2 3 4 5 7 9 10 11 12 | 12.9
Evocations     | 4 5 |  5.0
Shields        | 2 4 |  4.0
Dodging        | 3 5 6 8 10 | 10.0
Long Blades    | 2 |  2.9
Armour         | 4 5 6 8 10 | 10.5
Staves         | 6 8 13 16 | 16.2
Stealth        | |  1.0

Action                   |  1- 3 |  4- 6 |  7- 9 | 10-12 | 13-15 || total
-------------------------+-------+-------+-------+-------+-------++-------
Melee: Club              |    37 |       |       |       |       ||    37
       Whip              |   106 |    52 |       |       |       ||   158
       Short sword       |       |    97 |    72 |       |       ||   169
       Morningstar       |       |       |    85 |       |       ||    85
       Spear             |       |       |    30 |       |       ||    30
       Quarterstaff      |       |       |   163 |   568 |   767 ||  1498
Throw: Dart              |    68 |    10 |       |       |    28 ||   106
       Boomerang         |       |     2 |     6 |       |       ||     8
       Throwing net      |       |       |       |     5 |       ||     5
Invok: Call Merchant     |       |       |       |     2 |     1 ||     3
Evoke: Wand              |       |    33 |    28 |    36 |    32 ||   129
       Tin of tremorston |       |       |       |       |     4 ||     4
  Use: Scroll            |     5 |     5 |    13 |    12 |    15 ||    50
       Potion            |     1 |       |     5 |     7 |     7 ||    20
 Stab: Confused          |       |     1 |       |       |       ||     1
       Paralysed         |       |     5 |       |       |    10 ||    15
       Distracted        |       |       |     2 |     2 |    14 ||    18
       Held in net/web   |       |       |       |     2 |       ||     2
       Invisible         |       |       |       |       |     7 ||     7
       Petrified         |       |       |       |       |     2 ||     2
       Sleeping          |       |       |       |       |     1 ||     1
Armor: Leather armour    |    10 |       |       |       |       ||    10
       Ring mail         |    60 |    58 |    86 |   154 |   202 ||   560
Dodge: Dodged            |    89 |    68 |   211 |   375 |   492 ||  1235
Block: Buckler           |       |       |    29 |       |       ||    29
       Other             |       |       |     4 |   123 |       ||   127
       Reflection        |       |       |       |    12 |       ||    12

Table legend: (Time is in decaauts)
 A = Elapsed time spent in this place.
 B = Non-inter-level travel time spent in this place.
 C = Inter-level travel time spent in this place.
 D = Time resting spent in this place.
 E = Time spent auto-exploring this place.
 F = Levels seen in this place.
 G = Mean time per level.
                   A        B        C        D        E       F      G
               +--------+--------+--------+--------+--------+-----+--------+
         Total |  22703 |  22001 |    702 |   3119 |  12891 |  20 | 1135.2 |
       Dungeon |  12019 |  11567 |    452 |   1297 |   7204 |  10 | 1201.9 |
        Temple |     75 |     40 |     35 |      0 |      0 |   1 |   75.0 |
          Lair |   8389 |   8174 |    215 |   1433 |   4668 |   6 | 1398.2 |
       Ossuary |    499 |    499 |      0 |      0 |    330 |   1 |  499.0 |
        Bailey |   1082 |   1082 |      0 |    365 |    325 |   1 | 1082.0 |
      Gauntlet |    637 |    637 |      0 |     24 |    362 |   1 |  637.0 |
               +--------+--------+--------+--------+--------+-----+--------+

Top non-repeatable levels by time:
  Lair:4: 1972 daAuts
  Lair:2: 1919 daAuts
     D:8: 1827 daAuts
     D:1: 1384 daAuts
  Lair:1: 1316 daAuts
     D:6: 1308 daAuts
     D:9: 1284 daAuts
     D:3: 1251 daAuts
  Lair:3: 1194 daAuts
    D:10: 1173 daAuts
  Lair:5: 1144 daAuts
     D:5: 1143 daAuts
  Bailey: 1082 daAuts
     D:2: 1006 daAuts
     D:4: 871 daAuts
